 Dungeon Crawl Stone Soup version 0.22-a0-539-gfbd9004e3f (webtiles) character file.

93 Banto the Sneak (level 4, -20/27 HPs)
             Began as an Octopode Earth Elementalist on June 24, 2018.
             Demolished by Menkaure (23 damage)
             ... on level 4 of the Dungeon.
             The game lasted 00:03:02 (2651 turns).

Banto the Sneak (Octopode Earth Elementalist)       Turns: 2651, Time: 00:03:02

Health: -20/27     AC:  1    Str:  7    XL:     4   Next: 62%
Magic:  2/7        EV: 13    Int: 18    God:
Gold:   200        SH:  0    Dex: 12    Spells: 0/7 levels left

rFire    . . .     SeeInvis .   a - +2 dagger (protect)
rCold    . . .     Gourm    .   (no shield)
rNeg     . . .     Faith    .   (helmet restricted)
rPois    .         Spirit   .   (no amulet)
rElec    .         Reflect  .   (no ring)
rCorr    .         Harm     .   (no ring)
MR       .....                  (no ring)
Stlth    ++++......             (no ring)
HPRegen  0.09/turn              (no ring)
MPRegen  0.10/turn              (no ring)
                                (no ring)
                                (no ring)

@: no status effects
A: almost no armour, stealthy swim, amphibious, 8 rings, constrict 8, camouflage
1, gelatinous body 1
a: no special abilities


You were on level 4 of the Dungeon.
You were not hungry.

You visited 1 branch of the dungeon, and saw 4 of its levels.

You collected 200 gold pieces.

Inventory:

Hand Weapons
 a - a +2 dagger of protection (weapon)
Missiles
 b - 123 stones (quivered)
 d - a throwing net
Wands
 o - a wand of disintegration (12)
Scrolls
 f - a scroll of fog
 g - a scroll of enchant weapon
 l - a scroll of remove curse
Potions
 e - a potion of magic
 h - a potion of resistance
 i - a potion of agility
 j - a potion of ambrosia
 k - a potion of lignification {unknown}
 m - a potion of degeneration {unknown}
 p - a potion of heal wounds {unknown}
Comestibles
 c - 3 rations
 n - 2 chunks of flesh


   Skills:
 - Level 2.0 Dodging
 + Level 5.1 Stealth
 - Level 2.0 Spellcasting
 - Level 1.0 Transmutations
 + Level 4.2 Earth Magic


You couldn't memorise any spells.
You knew the following spells:

 Your Spells              Type           Power        Failure   Level  Hunger
a - Sandblast             Erth           ###...       3%          1    #......
b - Passwall              Tmut/Erth      ##......     10%         2    ###....
c - Petrify               Tmut/Erth      ##......     52%         4    #####..

Your spell library contained the following spells:

 Spells                   Type           Power        Failure   Level  Hunger
 Stone Arrow              Conj/Erth      #.....       22%         3    ###....
 Lee's Rapid Deconstruct  Erth           ###.......   65%         5    ######.


Dungeon Overview and Level Annotations

Branches:
Dungeon (4/15)
 Temple: D:4-7

Altars:
Gozag
Ru

Annotations:
D:4 Menkaure


Innate Abilities, Weirdness & Mutations

You cannot wear most types of armour.
You are very stealthy in the water. (Stealth+)
You are amphibious.
You can wear up to eight rings at the same time.
You can use your tentacles to constrict eight enemies at once.
Your skin changes colour to match your surroundings (Stealth+).
Your rubbery body absorbs attacks. (AC +1, EV +1)


Message History

Press: ? - help, Shift-Dir - straight line, f/p - Menkaure
Aim: Menkaure (moderately damaged)
The blast of sand hits Menkaure.
Menkaure is heavily damaged.
b - 124 stones Menkaure hits you!
Ouch! That really hurt!
* * * LOW HITPOINT WARNING * * *
You take 15 damage, and have 3/27 hp.
MASSIVE DAMAGE!!
You now have 3/7 mp.
Casting: Sandblast (safe; 3% risk of failure)
Confirm with . or Enter, or press ? or * to list all spells.
Aiming: Sandblast (safe; 3% risk of failure)
Press: ? - help, Shift-Dir - straight line, f/p - Menkaure
Aim: Menkaure (heavily damaged)
The blast of sand hits Menkaure.
Menkaure is almost destroyed.
b - 123 stones Menkaure hits you!!
Ouch! That really hurt!
You die...

........#
........#
........#
#.......#
#.......#
#.......#
#.....M.#
#......@#
#.......#
#.......#
#.......#
#.......#
#.......#
#...$...#
........#


You could see Menkaure.

Vanquished Creatures
  Ijyb (D:3)
  An adder (D:2)
  A worm (D:3)
  A dart slug (D:2)
  An orc (D:3)
  A ball python (D:2)
  9 bats
  9 goblins
  6 hobgoblins
  2 jackals (D:2)
  6 kobolds
  2 quokkas
  A frilled lizard (D:2)
  9 rats
50 creatures vanquished.

Notes
Turn   | Place    | Note
-------+----------+-------------------------------------------
     0 | D:1      | Banto the Octopode Earth Elementalist began the quest for the Orb.
     0 | D:1      | Reached XP level 1. HP: 11/11 MP: 3/3
   314 | D:1      | Reached skill level 3 in Stealth
   606 | D:1      | Reached XP level 2. HP: 15/17 MP: 5/5
  1046 | D:2      | Reached XP level 3. HP: 15/21 MP: 6/6
  1050 | D:2      | Learned a level 2 spell: Passwall
  1079 | D:2      | Reached skill level 4 in Stealth
  1109 | D:2      | Found an opulent altar of Gozag.
  1318 | D:2      | Found a sacrificial altar of Ru.
  2228 | D:3      | Reached XP level 4. HP: 27/27 MP: 2/7
  2494 | D:3      | Noticed Ijyb
  2510 | D:3      | Killed Ijyb
  2510 | D:3      | Reached skill level 5 in Stealth
  2626 | D:3      | Learned a level 4 spell: Petrify
  2646 | D:4      | Noticed Menkaure
  2651 | D:4      | Demolished by Menkaure

Vault maps used:
D:1:      giann_wishing_wells
D:2:      lemuel_doored_altar, nicolae_gozag_cash_rules_everything_around_me,
          minmay_tromino_i2
D:3:      uniq_ijyb
D:4:      uniq_robin, uniq_menkaure, uniq_edmund, uniq_natasha, uniq_grinder

Skill      XL: |  1  2  3  4 |
---------------+-------------+-----
Stealth        | 3 4 5 |  5.1
Earth Magic    | 4 |  4.2
Dodging        | |  2.0
Spellcasting   | |  2.0
Transmutations | |  1.0

Action                   |  1- 3 |  4- 6 || total
-------------------------+-------+-------++-------
Melee: Dagger            |    72 |    11 ||    83
       Tentacles         |    13 |     1 ||    14
       Constrict         |    15 |     3 ||    18
       Unarmed           |     1 |       ||     1
 Cast: Sandblast         |    13 |    11 ||    24
       Passwall          |       |     1 ||     1
  Use: Scroll            |     3 |     6 ||     9
 Stab: Sleeping          |    14 |     2 ||    16
       Distracted        |       |     1 ||     1
  Eat: Chunk             |     3 |     3 ||     6
Armor: Skin              |    30 |     3 ||    33
Dodge: Dodged            |    50 |     7 ||    57

Table legend:
 A = Spawn XP
 B = Non-spawn XP
 C = Spawn XP percentage of total XP
 D = Spawn monster count
 E = Non-spawn monster count
 F = Spawn count percentage of total count
 G = Total turns spent on level
                    A         B        C        D         E        F      G
               +---------+---------+-------+---------+---------+-------+---------
         Total |       0 |     134 |   0.0 |       0 |      50 |   0.0 |  2651
               +---------+---------+-------+---------+---------+-------+---------
           D:1 |       0 |      29 |   0.0 |       0 |      18 |   0.0 |  1009
           D:2 |       0 |      48 |   0.0 |       0 |      22 |   0.0 |  1132
           D:3 |       0 |      57 |   0.0 |       0 |      10 |   0.0 |   505
               +---------+---------+-------+---------+---------+-------+---------

Table legend:
 A = Turns spent in this place as a percentage of turns spent in the entire game.
 B = Non-inter-level travel turns spent in this place as a percentage of non-inter-level travel turns spent in the entire game.
 C = Inter-level travel turns spent in this place as a percentage of turns spent in this place.
 D = Turns resting spent in this place as a percentage of non-inter-level travel turns spent in this place.
 E = Turns spent auto-exploring this place as a percentage of non-inter-level travel turns spent in this place.
 F = Non-inter-level travel turns spent in this place divided by the number of levels of this place that you've seen.
                   A       B       C       D       E      F
               +-------+-------+-------+-------+-------+----------------------
         Total | 100.0 | 100.0 |   4.2 |  19.7 |  61.6 | 634.8
       Dungeon | 100.0 | 100.0 |   4.2 |  19.7 |  61.6 | 634.8
               +-------+-------+-------+-------+-------+----------------------

Table legend:
 A = Kills in this place as a percentage of kills in entire the game.
 B = Kills by you in this place as a percentage of kills by you in the entire game.
 C = Kills by friends in this place as a percentage of kills by friends in the entire game.
 D = Other kills in this place as a percentage of other kills in the entire game.
 E = Experience gained in this place as a percentage of experience gained in the entire game.
 F = Experience gained in this place divided by the number of levels of this place that you have seen.
                   A       B       C       D       E      F
               +-------+-------+-------+-------+-------+----------------------
         Total | 100.0 | 100.0 |   N/A |   N/A | 100.0 |  33.5
       Dungeon | 100.0 | 100.0 |   N/A |   N/A | 100.0 |  33.5
               +-------+-------+-------+-------+-------+----------------------
